 Dungeon Crawl Stone Soup version 0.30-a0-218-gedb9141078 (webtiles) character file.

Game seed: 8691181789846454970

25 ytrimaz the Stinger (level 3, 0/23 HPs)
             Began as an Octopode Transmuter on Oct 5, 2022.
             Killed from afar by Sigmund (7 damage)
             ... with a magic dart
             ... on level 2 of the Dungeon.
             The game lasted 00:01:48 (706 turns).

ytrimaz the Stinger (Octopode Transmuter)            Turns: 706, Time: 00:01:48

Health: 0/23       AC:  1    Str:  9    XL:     3   Next: 6%
Magic:  5/6        EV: 13    Int: 17    God:
Gold:   22         SH:  0    Dex: 12    Spells: 3/6 levels left

rFire   . . .      SeeInvis .      - Unarmed
rCold   . . .      Faith    .    (no shield)
rNeg    . . .      Spirit   .    (helmet currently unavailable)
rPois   .          Reflect  .    (no amulet)
rElec   .          Harm     .    (no ring)
rCorr   .          Rampage  .    (no ring)
Will    .....                    (no ring)
Stlth   ++........               (no ring)
HPRegen 0.23/turn                (no ring)
MPRegen 0.10/turn                (no ring)
                                 (no ring)
                                 (no ring)

@: brilliant, appendages, attractive, invisible
A: tentacle spike 3, almost no armour, amphibious, 8 rings, camouflage 1,
gelatinous body 1, (nimble swimmer 1), tentacles
a: End Transformation


You were on level 2 of the Dungeon.
One of your tentacles had grown a beastly spike.
You visited 1 branch of the dungeon, and saw 2 of its levels.

You collected 22 gold pieces.


Innate Abilities, Weirdness & Mutations

One of your tentacles has grown a beastly spike.
You cannot wear most types of armour.
You are amphibious.
You can wear up to eight rings at the same time.
Your skin changes colour to match your surroundings (Stealth+).
Your rubbery body absorbs attacks. (AC +1, EV +1)
((You are camouflaged when in or above water. (Stealth+)))
You have tentacles for arms and can constrict up to eight enemies at once.


   Skills:
 - Level 1.0 Fighting
 - Level 2.0 Dodging
 - Level 3.0 Unarmed Combat
 - Level 2.0 Spellcasting
 - Level 2.0 Transmutations
 - Level 0.3 Ice Magic
 + Level 3.1 Poison Magic


You had 3 spell levels left.
You knew the following spells:

 Your Spells              Type           Power      Damage    Failure   Level
a - Beastly Appendage     Tmut           24%        N/A       9%          1
b - Wereblood             Tmut           12%        N/A       13%         2

Your spell library contained the following spells:

 Spells                   Type           Power      Damage    Failure   Level
 Spider Form              Tmut/Pois      15%        N/A       21%         3
 Gell's Gravitas          Tloc           2%         N/A       50%         3
 Teleport Other           Tloc           2%         N/A       50%         3
 Ice Form                 Ice/Tmut       8%         N/A       77%         4
 Dispersal                Tloc           1%         N/A       100%        6

Inventory:

Potions
 b - a potion of cancellation
 c - a potion of curing

Dungeon Overview and Level Annotations

Branches:
Dungeon (2/15) Zot: 11296

Altars:

Shops:
D:1 (

Annotations:
D:2 Sigmund

. ...
....$######
.?..SS{.@.#
.....####.#
... ####.#
. #<...#
######


You could see 2 ball pythons.


Message History

Sigmund the Dreaded comes into view.
He is wielding a +0 scythe and carrying a wand of roots (8).
Sigmund shouts!
Sigmund zaps a wand.
The roots erupt in riotous growth!
The grasping roots grab you! The grasping roots constrict you.
You hear an angry hiss. 😮 HP[-6]
You take 6 damage, and now have 17/23 hp.
MASSIVE DAMAGE!! (PAUSE)
Okay, then.
You escape the roots grasp.
Sigmund points at you and mumbles some strange words.
You resist with significant effort. 😕 HP[+1] Unknown command.
A ball python comes into view.
Sigmund drinks a potion.
Sigmund seems to speed up.
Really quaff the potion of lignification?
You turn into a tree.
Your roots penetrate the ground.
Sigmund hits you but does no damage. 😕 HP[+9]
You now have 34 max hp (+11).
You regained 9 hp, and now have 27/34 hp.
It was a potion of cancellation.
Your magical effects are unravelling.
You feel magically purged.
You feel less wooden.
A ball python comes into view.
Sigmund closely misses you. 😕 HP[-9]
You now have 23 max hp (-11).
It was a potion of attraction.
You feel attractive to monsters.
Sigmund zaps a wand.
The roots erupt in riotous growth!
The grasping roots grab you!
Sigmund is unaffected.
The grasping roots constrict you.
The ball python is attracted toward you. x2 😮 HP[-3]
You take 3 damage, and now have 15/23 hp.
It was a potion of brilliance.
You feel clever all of a sudden. Sigmund gestures at you while chanting.
The puff of flame hits you!
* * * LOW HITPOINT WARNING * * *
The grasping roots constrict you.
* * * LOW HITPOINT WARNING * * *
Sigmund barely misses you. The grasping roots constrict you.
* * * LOW HITPOINT WARNING * * *
😱 HP[-11]
You take 11 damage, and now have 4/23 hp.
MASSIVE DAMAGE!! (PAUSE) It was a potion of invisibility.
You fade into invisibility!
Sigmund closely misses you. The grasping roots constrict you.
* * * LOW HITPOINT WARNING * * *
The grasping roots release their grip on you. 😱 HP[-3]
You take 3 damage, and now have 1/23 hp.
Unknown command.
You feel better. Sigmund barely misses you. 😨 HP[+10]
You regained 10 hp, and now have 11/23 hp.
You feel better. Sigmund closely misses you. 😕 HP[+7]
You regained 7 hp, and now have 18/23 hp.
Casting: Beastly Appendage (safe; 9% risk of failure)
Confirm with . or Enter, or press ? or * to list all spells.
Okay, then.
Casting: Beastly Appendage (safe; 9% risk of failure)
Confirm with . or Enter, or press ? or * to list all spells.
You feel a surge of power!
One of your tentacles grows a vicious spike.
Sigmund mumbles some strange words.
Sigmund flickers and vanishes!
Deactivating autopickup; reactivate with Ctrl-A. 😕 HP[+1] MP[-1]
You lost 1 mp, and now have 5/6 mp.
Unknown command.
You miss something.
Your tentacle spike misses something.
You hear some strange, mumbled words.
A magic dart appears from out of thin air!
The magic dart hits you. 😮 HP[-6]
You take 6 damage, and now have 13/23 hp.
MASSIVE DAMAGE!! (PAUSE)
You miss something. Your squeeze misses something.
You hear some strange, mumbled words.
A magic dart appears from out of thin air!
The magic dart hits you.
* * * LOW HITPOINT WARNING * * *
😨 HP[-6]
You take 6 damage, and now have 7/23 hp.
MASSIVE DAMAGE!! (PAUSE)
Okay, then.
A magic dart appears from out of thin air!
The magic dart hits you!
You die...

Skill      XL: |  1  2 |
---------------+-------+-----
Poison Magic   | 1 3 |  3.1
Fighting       | |  1.0
Dodging        | |  2.0
Unarmed Combat | |  3.0
Spellcasting   | |  2.0
Transmutations | |  2.0
Ice Magic      | |  0.3

Action                   || total
-------------------------++-------
Melee: Unarmed           ||    54
       Constrict         ||    14
       Tentacles         ||     7
       Kick              ||     5
 Cast: Beastly Appendage ||     5
  Use: Scroll            ||     4
       Potion            ||     7
 Stab: Sleeping          ||     1
Armor: Skin              ||     7
Dodge: Dodged            ||    48

Levels and vault maps discovered:
D:1:      minmay_arrival_stone_box, layout_rooms, shapermc_ecumenical_altar_gd,
          serial_shops, shop
D:2:      layout_basic, basic_altar, minivault_4, uniq_sigmund

Notes
Turn   | Place    | Note
-------+----------+-------------------------------------------
     0 | D:1      | ytrimaz the Octopode Transmuter began the quest for the
                  | Orb.
     0 | D:1      | Reached XP level 1. HP: 13/13 MP: 3/3
     0 | D:1      | magus.rc [v1.9.6]
    17 | D:1      | Reached skill level 1 in Poison Magic
    63 | D:1      | Found Oje Fank's Weapon Shoppe.
    67 | D:1      | Reached XP level 2. HP: 14/18 MP: 5/5
    86 | D:1      | Reached skill level 2 in Poison Magic
   269 | D:1      | Found a faded altar of an unknown god.
   477 | D:1      | Reached skill level 3 in Poison Magic
   477 | D:1      | Reached XP level 3. HP: 22/23 MP: 4/6
   593 | D:1      | You add the spells Gell's Gravitas, Teleport Other and
                  | Dispersal to your library.
   664 | D:1      | Learned a level 2 spell: Wereblood
   693 | D:2      | Noticed Sigmund
   699 | D:2      | HP: 4/23 [constriction (2)]
   700 | D:2      | HP: 1/23 [constriction (3)]
   706 | D:2      | Killed from afar by Sigmund

Vanquished Creatures
  2 endoplasms (D:1)
  2 giant cockroaches (D:1)
  A goblin (D:1)
  4 hobgoblins (D:1)
  6 kobolds (D:1)
  2 ball pythons (D:1)
  2 bats (D:1)
  2 frilled lizards (D:1)
  3 rats (D:1)
24 creatures vanquished.

Vanquished Creatures (others)
  2 fungi (D:1)
  A plant (D:1)
  A withered plant (D:1)
4 creatures vanquished.

Grand Total: 28 creatures vanquished

Table legend:
 A = Non-vault XP
 B = Vault XP
 C = Vault XP percentage of total XP
 D = Non-vault monster count
 E = Vault monster count
 F = Vault count percentage of total count
                 A         B        C        D         E       F
            +---------+---------+-------+---------+---------+-------
      Total |      37 |       0 |   0.0 |      24 |       0 |   0.0
            +---------+---------+-------+---------+---------+-------
        D:1 |      37 |       0 |   0.0 |      24 |       0 |   0.0
            +---------+---------+-------+---------+---------+-------

Illustrated notes

Table legend:
 A = Kills in this place as a percentage of kills in entire the game.
 B = Kills by you in this place as a percentage of kills by you in the entire game.
 C = Kills by friends in this place as a percentage of kills by friends in the entire game.
 D = Other kills in this place as a percentage of other kills in the entire game.
 E = Experience gained in this place as a percentage of experience gained in the entire game.
 F = Experience gained in this place divided by the number of levels of this place that you have seen.
                   A       B       C       D       E      F
               +-------+-------+-------+-------+-------+----------------------
         Total | 100.0 | 100.0 |   N/A |   N/A | 100.0 |  18.5
       Dungeon | 100.0 | 100.0 |   N/A |   N/A | 100.0 |  18.5
               +-------+-------+-------+-------+-------+----------------------

Table legend: (Time is in decaauts)
 A = Elapsed time spent in this place.
 B = Non-inter-level travel time spent in this place.
 C = Inter-level travel time spent in this place.
 D = Time resting spent in this place.
 E = Time spent auto-exploring this place.
 F = Levels seen in this place.
 G = Mean time per level.
                   A        B        C        D        E       F      G
               +--------+--------+--------+--------+--------+-----+--------+
         Total |    702 |    682 |     20 |      0 |    507 |   2 |  351.0 |
       Dungeon |    702 |    682 |     20 |      0 |    507 |   2 |  351.0 |
               +--------+--------+--------+--------+--------+-----+--------+

Top non-repeatable levels by time:
     D:1: 684 daAuts
     D:2: 17 daAuts
